 Dungeon Crawl Stone Soup version 0.25.1-2-g60ff931df9 (webtiles) character file.

Game seed: 456950388174780415

18 Borneo the Caller (level 2, -2/11 HPs)
             Began as a Felid Summoner on Oct 27, 2020.
             Slain by an adder (4 damage)
             ... on level 2 of the Dungeon.
             The game lasted 00:06:18 (1941 turns).

Borneo the Caller (Felid Summoner)                  Turns: 1941, Time: 00:06:18

Health: -2/11      AC:  1    Str:  4    XL:     2   Next: 51%
Magic:  3/6        EV: 18    Int: 16    God:
Gold:   62         SH:  0    Dex: 16    Spells: 2/5 levels left
                                        Lives:  0   Deaths: 0

rFire    . . .     SeeInvis +   (weapon unavailable)
rCold    . . .     Gourm    .   (shield unavailable)
rNeg     . . .     Faith    .   (armour unavailable)
rPois    .         Spirit   .   (helmet unavailable)
rElec    .         Reflect  .   (cloak unavailable)
rCorr    .         Harm     .   (gloves unavailable)
MR       .....                  (boots unavailable)
Stlth    +++.......             (no amulet)
HPRegen  0.03/turn              (no ring)
MPRegen  0.10/turn              (no ring)

@: lethally poisoned (-2 -> -6), quick
A: very small, no armour, no weapons or thrown items, stealth, claws 1, fangs 3,
see invisible, carnivore, speed 1, shaggy fur 1, slow metabolism 1, sharp paws
a: no special abilities


You were on level 2 of the Dungeon.
You were completely stuffed.

You visited 1 branch of the dungeon, and saw 2 of its levels.

You collected 62 gold pieces.

Inventory:

Armour
 k - a scarf of harm
Wands
 j - a wand of polymorph (8)
Scrolls
 c - 3 scrolls of identify {unknown}
 d - 2 scrolls of teleportation {unknown}
 e - a scroll of fog {unknown}
 g - a scroll of immolation {unknown}
 i - a scroll of noise {unknown}
Potions
 a - 3 potions of heal wounds {unknown}
 f - a potion of might {unknown}
Comestibles
 b - 4 rations
 h - 2 chunks of flesh


   Skills:
 + Level 2.6 Dodging
 + Level 2.7 Stealth
 + Level 0.1 Unarmed Combat
 + Level 2.3 Spellcasting
 + Level 4.4 Summonings


You had 2 spell levels left.
You knew the following spells:

 Your Spells              Type           Power        Failure   Level  Hunger
a - Summon Small Mammal   Summ           ###.         3%          1    #......
b - Call Imp              Summ           ###.....     4%          2    ###....

Your spell library contained the following spells:

 Spells                   Type           Power        Failure   Level  Hunger
 Call Canine Familiar     Summ           ###.....     10%         3    ###....
 Summon Guardian Golem    Hex/Summ       #.......     24%         3    ###....
 Summon Ice Beast         Ice/Summ       #.......     63%         4    #####..
 Summon Lightning Spire   Summ/Air       #.......     63%         4    #####..


Dungeon Overview and Level Annotations

Branches:
Dungeon (2/15)

Altars:


Innate Abilities, Weirdness & Mutations

You cannot wear armour.
You are incapable of wielding weapons or throwing items.
Your paws allow you to move quietly. (Stealth)
You have sharp claws.
You have razor-sharp teeth.
You have supernaturally acute eyesight. (SInv)
You are carnivorous and can eat meat at any time.
You cover ground quickly.
You are covered in fur. (AC +1)
You have a slow metabolism.
Your sharp claws are effective at attacking unaware monsters.


Message History

The adder bites your white imp.
Your bat misses the adder.
Your white imp misses the adder.
The adder bites your white imp but does no damage.
Your bat hits the adder.
Your white imp misses the adder.
The adder bites your white imp.
Your white imp dies!
Your bat hits the adder but does no damage.
The adder bites you.
You are poisoned.
The adder poisons you!
You feel sick.
Your bat disappears in a puff of smoke!
The adder bites you.
* * * LOW HITPOINT WARNING * * *
The adder closely misses you.
Casting: Call Imp (safe; 4% risk of failure)
Confirm with . or Enter, or press ? or * to list all spells.
* * * LOW HITPOINT WARNING * * *
You feel sick. The adder bites you.
You die...

....# #.........# .##.#
#.........# .##.#
#.........# .##.##
#.........# # .##..#
#.........####.# .###.##
+........[.....# ##
#÷.#####..........#...#
#...[..................
####............@S........
.............####.........
###.......†..# #r.)......
#..........# #.........
#..........# #.........
#............##..[......
#............##.........
#.#.##.......##.........
#... .#......#######+###


You could see an adder and a friendly rat (summoned).

Vanquished Creatures
  A giant cockroach (D:1)
  2 kobolds (D:1)
3 creatures vanquished.

Vanquished Creatures (collateral kills)
  3 giant cockroaches (D:2)
  2 hobgoblins (D:1)
  A quokka (D:2)
  3 bats
  A frilled lizard (D:2)
  7 goblins (D:1)
  3 kobolds
  2 rats
22 creatures vanquished.

Grand Total: 25 creatures vanquished

Notes
Turn   | Place    | Note
-------+----------+-------------------------------------------
     0 | D:1      | Borneo the Felid Summoner began the quest for the Orb.
     0 | D:1      | Reached XP level 1. HP: 7/7 MP: 4/4
   953 | D:1      | Reached XP level 2. HP: 11/11 MP: 4/6
  1705 | D:1      | Learned a level 2 spell: Call Imp
  1941 | D:2      | Slain by an adder

Illustrated notes

Levels and vault maps discovered:
D:1:      kennysheep_arrival_forest, layout_basic, minivault_14
D:2:      layout_basic

Action                   || total
-------------------------++-------
Melee: Unarmed           ||    15
       Bite              ||     3
 Cast: Summon Small Mamm ||    39
       Call Imp          ||     8
  Eat: Chunk             ||    10
Armor: Skin              ||     1
Dodge: Dodged            ||    27
